 Dungeon Crawl Stone Soup version 0.31-a0-574-g69dc8cc98e (webtiles) character file.

Game seed: 7314447982102860599

42276 Xavori the Carver (level 14, -5/90 HPs)
             Began as an Octopode Chaos Knight on Aug 18, 2023.
             Was a Plaything of Xom.
             Slain by a dire elephant (37 damage)
             ... on level 4 of the Lair of Beasts.
             The game lasted 00:14:30 (15247 turns).

Xavori the Carver (Octopode Chaos Knight)          Turns: 15247, Time: 00:14:31

Health: -5/90      AC:  7    Str: 12    XL:     14   Next: 19%
Magic:  14/14      EV: 16    Int: 14    God:    Xom [.*....]
Gold:   756        SH: 11    Dex: 16    Spells: 11/13 levels left

rFire   + + .        l - +8 demon blade "Leech" {evervamp, Harm Drain rN+}
rCold   + . .        F - +2 buckler
rNeg    + + .        (helmet restricted)
rPois   .            k - amulet of regeneration
rElec   .            p - ring of protection from fire
rCorr   +            A - ring of positive energy
SInv    .            C - ring of resist corrosion
Will    ++...        M - ring of willpower
Stlth   ++++++       (no ring)
HPRegen 1.15/turn    (no ring)
MPRegen 0.14/turn    (no ring)
                     (no ring)

%: harm (+30% outgoing, +20% incoming)
@: no status effects
A: almost no armour, amphibious, 8 rings, camouflage 1, gelatinous body 1,
(nimble swimmer 1), tentacles, iridescent scales 3, large bone plates 1, cold
resistance 1, fire resistance 1, frail 1, noise suppression
a: Renounce Religion


You were on level 4 of the Lair of Beasts.
You worshipped Xom.
You were a plaything of Xom.
You visited 2 branches of the dungeon, and saw 14 of its levels.

You collected 861 gold pieces.
You spent 105 gold pieces at shops.

Inventory:

Hand Weapons
 a - a +0 short sword of chaos
 l - the +8 demon blade "Leech" (weapon) {evervamp, Harm Drain rN+}
   (You found it on level 3 of the Dungeon)

   rN+:       It protects you from negative energy.
   Drain:     It drains your maximum health when unequipped.
   Harm:      It increases damage dealt and taken.
Armour
 F - a +2 buckler (worn)
Jewellery
 k - an amulet of regeneration (around mantle)
 m - an amulet of guardian spirit
 p - a ring of protection from fire (left tentacle)
 x - an amulet of faith
 y - a ring of ice
 A - a ring of positive energy (right tentacle)
 C - a ring of resist corrosion (on tentacle)
 M - a ring of willpower (on tentacle)
Talismans
 B - a flux talisman
Wands
 r - a wand of iceblast (23)
 s - a wand of digging (5)
 w - a wand of flame (20)
 I - a wand of charming (4)
 K - a wand of mindburst (6)
Scrolls
 b - 2 scrolls of butterflies
 i - 3 scrolls of fear
 j - 7 scrolls of teleportation
 n - 3 scrolls of identify
 q - a scroll of vulnerability
 t - 5 scrolls of enchant weapon
 u - 4 scrolls of blinking
 D - 3 scrolls of brand weapon
 E - 3 scrolls of amnesia
 H - a scroll of immolation
 N - 2 scrolls of fog
Potions
 c - 8 potions of curing
 d - 2 potions of magic {unknown}
 f - 4 potions of might
 g - 6 potions of heal wounds
 h - 6 potions of lignification
 o - 3 potions of cancellation {unknown}
 v - a potion of invisibility {unknown}
 z - 3 potions of haste {unknown}
 G - 3 potions of enlightenment {unknown}
 J - a potion of brilliance {unknown}
 L - a potion of resistance {unknown}
Miscellaneous
 e - a phial of floods


   Skills:
 * Level 11.4 Fighting
 * Level 3.9(9.8) Short Blades
 - Level 13.7(14.0) Long Blades
 + Level 6.6 Dodging
 + Level 12.3 Stealth
 + Level 5.2 Shields
 * Level 3.6 Translocations
 * Level 9.0 Evocations
 * Level 6.3 Shapeshifting


You had 11 spell levels left.
You knew the following spells:

 Your Spells              Type           Power      Damage    Failure   Level
a - Blink                 Tloc           20%        N/A       13%         2

Your spell library contained the following spells:

 Spells                   Type           Power      Damage    Failure   Level
 Apportation              Tloc           20%        N/A       9%          1
 Magic Dart               Conj           0%         1d3       36%         1
 Sandblast                Erth           0%         2d4       36%         1
 Shock                    Conj/Air       0%         1d3       36%         1
 Slow                     Hex            0%         N/A       36%         1
 Call Imp                 Summ           0%         N/A       50%         2
 Ensorcelled Hibernation  Hex/Ice        0%         N/A       50%         2
 Passwall                 Tmut/Erth      0%         N/A       50%         2
 Sublimation of Blood     Necr           0%         N/A       50%         2
 Wereblood                Tmut           0%         N/A       50%         2
 Portal Projectile        Hex/Tloc       10%        N/A       50%         3
 Manifold Assault         Tloc           10%        N/A       65%         4
 Passage of Golubria      Tloc           10%        N/A       65%         4
 Confusing Touch          Hex            0%         N/A       75%         3
 Inner Flame              Hex/Fire       0%         N/A       75%         3
 Mephitic Cloud           Conj/Pois/Air  0%         N/A       75%         3
 Stone Arrow              Conj/Erth      0%         3d7       75%         3
 Swiftness                Air            0%         N/A       75%         3
 Tukima's Dance           Hex            0%         N/A       75%         3
 Vampiric Draining        Necr           0%         2d6       75%         3
 Iskenderun's Mystic Bla  Conj/Tloc      5%         2d3       88%         4
 Airstrike                Air            0%         2d(0-16)  98%         4
 Anguish                  Hex/Necr       0%         N/A       98%         4
 Flame Wave               Conj/Fire      0%         2d4       98%         4
 Leda's Liquefaction      Hex/Erth       0%         N/A       98%         4
 Sticky Flame             Conj/Fire      0%         2d3       98%         4
 Alistair's Intoxication  Tmut/Pois      0%         N/A       100%        5
 Fireball                 Conj/Fire      0%         3d3       100%        5
 Iskenderun's Battlesphe  Conj           0%         2d6       100%        5
 Lee's Rapid Deconstruct  Erth           0%         3d4*      100%        5
 Yara's Violent Unravell  Hex/Tmut       0%         3d3       100%        5
 Conjure Ball Lightning   Conj/Air       0%         3x3d6     100%        6
 Leda's Unmaking          Conj/Erth      0%         9d1       100%        6
 Orb of Destruction       Conj           0%         9d5       100%        7
 Summon Hydra             Summ           0%         N/A       100%        7
 Lehudib's Crystal Spear  Conj/Erth      0%         10d2      100%        8
 Animate Armour           Summ/Erth      Unusable   N/A       N/A         4

Dungeon Overview and Level Annotations

Branches:
Dungeon (10/15)            Temple (0/1) D:5            Lair (4/5) D:8
 Shoals (0/4) Lair:2       Spider (0/4) Lair:2        Slime (0/5) Lair:4
    Orc: D:9-12

Altars:
Xom
Yredelemnul
The Shining One

Shops:
D:4 *   D:7 (


Innate Abilities, Weirdness & Mutations

You cannot wear most types of armour.
You are amphibious.
You can wear up to eight rings at the same time.
Your skin changes colour to match your surroundings (Stealth+).
Your rubbery body absorbs attacks. (AC +1, EV +1)
((You are camouflaged when in or above water. (Stealth+)))
You have tentacles for arms and can constrict up to eight enemies at once.
You are completely covered in iridescent scales. (AC +6)
You are partially covered in large bone plates. (SH +4)
Your flesh is cold resistant. (rC+)
Your flesh is heat resistant. (rF+)
You are frail. (-10% HP)
You passively dampen the noise of your surroundings.


Message History

You slash the elephant!
You kill the elephant!
You block the spriggan's attack.
Unknown command.
You slice the spriggan!!
You kill the spriggan!
Found 24 gold pieces.
The dire elephant tramples you!
You stumble backwards!
You slash the dire elephant!
You feel better.
You squeeze the dire elephant, but do no damage.
The dire elephant is lightly wounded.
You slash the dire elephant!
You feel better.
The dire elephant is moderately wounded.
You block the dire elephant's attack. x2
Unknown command.
You slice the dire elephant!!
You squeeze the dire elephant, but do no damage.
The dire elephant is heavily wounded.
The dire elephant tramples you!!
A shower of butterflies erupts from you!
You stumble backwards!
Unknown command.
You slash the dire elephant!
You feel better.
You squeeze the dire elephant, but do no damage.
The dire elephant is severely wounded.
Unknown command.
You hit the dire elephant but do no damage.
The dire elephant is severely wounded.
Xom smirks.
You detect nothing.
You are now a plaything of Xom.
The dire elephant tramples you!!
You hold your ground!
The dire elephant trunk-slaps you!
* * * LOW HITPOINT WARNING * * *
You hit the dire elephant.
You feel better.
You squeeze the dire elephant.
The dire elephant is severely wounded.
You hit the dire elephant.
You feel better.
You squeeze the dire elephant, but do no damage.
The dire elephant is severely wounded.
The dire elephant tramples you!!
You die...

#.###.P.....♣♣♣♣PPP.PPPPPP ♣♣.
####P.#.....♣♣PPP.PP....P. ♣. ##
##.#P...♣♣♣PPPP$......$ ♣♣ .#
#.##..♣♣♣♣PP.......÷.. ♣
#####.##..♣♣♣PP.....÷.....
...##.....♣♣PPP.(÷÷..PPP.÷...PPP
..........♣♣P...††).PP~..÷÷....P
.##.......♣♣P...÷Y÷.PP~....÷...P
###..##...♣PPP.÷@÷...~~........P
# #####...♣PP....÷b.P~~~.......P
# #####.)♣♣PP...†..P~~~...÷..PP
####..#...♣♣P.Pb.÷..P~~...÷...PP
..........♣PPPP.....P~..÷...P.PP
...#.##...♣♣♣PP.....~~..÷...PPP♣
#..####...♣♣♣PP....~~......P.P♣♣♣
.#.#####...♣♣♣PPPP.~.......PPP♣♣♣
#....##.....♣♣♣PPPP.P.......P♣♣♣.


You could see a dire elephant (ally target).

Vanquished Creatures
  A hydra (Lair:2)
  Urug (D:10)
  6 death yaks (Lair:4)
  2 skysharks
  A sea snake (Lair:4)
  A wolf spider (Lair:4)
  25 elephants
  2 manticores
  2 black mambas
  10 cane toads
  A yaktaur (Lair:4)
  An unseen horror (D:10)
  4 komodo dragons (Lair:4)
  A tengu conjurer (D:8)
  4 rime drakes
  2 trolls
  A polar bear (Lair:3)
  3 hornets
  17 blink frogs
  6 dream sheep
  2 slime creatures (Lair:4)
  A spriggan (Lair:4)
  10 wyverns
  30 yaks
  A culicivora (shapeshifter) (Lair:1)
  2 basilisks (Lair:3)
  2 steam dragons (D:8)
  2 wargs (D:8)
  9 water moccasins
  Duvessa (D:5)
  5 orc warriors
  3 ice beasts
  2 sky beasts (D:8)
  3 black bears
  2 centaurs
  15 wolves
  2 kobold brigands
  13 bullfrogs
  3 gnoll sergeants
  5 scorpions
  Dowan (D:5)
  2 wights (D:8)
  19 killer bees
  4 howler monkeys (D:8)
  A gnoll bouda (D:6)
  6 hounds
  5 orc priests
  3 jellies
  A sleepcap (D:8)
  6 iguanas
  7 orc wizards
  14 hell rats (Lair:3)
  12 gnolls
  9 adders
  2 shadow imps (D:4)
  4 white imps
  2 ufetubi
  3 dart slugs
  22 orcs
  9 bats
  6 endoplasms
  A giant cockroach (D:2)
  7 hobgoblins
  4 jackals
  5 quokkas
  10 ball pythons
  4 frilled lizards
  11 goblins
  20 kobolds
  3 rats
407 creatures vanquished.

Vanquished Creatures (collateral kills)
  An elephant (Lair:4)
  A warg (D:8)
  A bullfrog (D:8)
  A wight (D:8)
  2 orc priests (D:8)
  2 kobolds (D:10)
8 creatures vanquished.

Vanquished Creatures (others)
  A water moccasin (Lair:3)
  An orc priest (D:8)
  2 orcs (D:8)
4 creatures vanquished.

Grand Total: 419 creatures vanquished

Notes
Turn   | Place    | Note
-------+----------+-------------------------------------------
     0 | D:1      | Xavori the Octopode Chaos Knight began the quest for the
                  | Orb.
     0 | D:1      | Reached XP level 1. HP: 16/16 MP: 1/1
    42 | D:1      | XOM: divination: magic mapping
   193 | D:1      | Reached XP level 2. HP: 21/21 MP: 2/2
   282 | D:1      | XOM: divination: detect items
   292 | D:1      | XOM: silly message
   581 | D:1      | XOM is BORED!
   581 | D:1      | XOM: noise
   597 | D:1      | Reached XP level 3. HP: 17/26 MP: 3/3
   615 | D:1      | Reached skill level 1 in Stealth
   646 | D:1      | XOM: silly message
   775 | D:1      | XOM: 1-stop teleportation journey
  1659 | D:1      | XOM: god gift: phial of floods
  1914 | D:1      | XOM: give mutations
  1914 | D:1      | Gained mutation: You are strong-willed. (Will+) [Xom's
                  | grace]
  1914 | D:1      | Gained mutation: You are highly strong-willed. (Will++)
                  | [Xom's grace]
  1914 | D:1      | Gained mutation: You passively dampen the noise of your
                  | surroundings. [Xom's grace]
  2377 | D:1      | XOM: give mutations
  2377 | D:1      | Gained mutation: You are occasionally teleported next to
                  | monsters. [Xom's mischief]
  2377 | D:1      | Gained mutation: Your flesh is cold resistant. (rC+) [Xom's
                  | mischief]
  3048 | D:1      | XOM: summons 1 hostile demon
  3188 | D:1      | XOM: torment (14/26 hp)
  3495 | D:1      | XOM is BORED!
  3495 | D:1      | XOM: give mutations
  3495 | D:1      | Gained mutation: You are partially covered in iridescent
                  | scales. (AC +2) [Xom's mischief]
  3495 | D:1      | Gained mutation: You are clumsy. (Dex -2) [Xom's mischief]
  3557 | D:1      | XOM: give mutations
  3557 | D:1      | Lost mutation: You are clumsy. (Dex -2) [Xom's mischief]
  3557 | D:1      | Gained mutation: You are partially covered in large bone
                  | plates. (SH +4) [Xom's mischief]
  3796 | D:1      | XOM: noise
  4000 | D:1      | XOM: give mutation
  4000 | D:1      | Gained mutation: A frigid envelope surrounds you and
                  | freezes all who hurt you. [Xom's mischief]
  4403 | D:1      | XOM: silly message
  5175 | D:1      | XOM: divination: detect items
  5835 | D:1      | XOM: give mutations
  5835 | D:1      | Gained mutation: You are robust. (+10% HP) [Xom's grace]
  5835 | D:1      | Gained mutation: Your muscles are strong. (Str +4, Int/Dex
                  | -1) [Xom's grace]
  5835 | D:1      | Gained mutation: Your flesh is heat resistant. (rF+) [Xom's
                  | grace]
  5835 | D:1      | Gained mutation: You are mostly covered in iridescent
                  | scales. (AC +4) [Xom's grace]
  6346 | D:2      | XOM: give mutations
  6346 | D:2      | Gained mutation: One of your tentacles bears a spike.
                  | [Xom's grace]
  6346 | D:2      | Gained mutation: Your spells are a little harder to cast,
                  | but a little more powerful. [Xom's grace]
  6346 | D:2      | Gained mutation: Your system is resistant to poisons.
                  | (rPois) [Xom's grace]
  6346 | D:2      | Gained mutation: One of your tentacles bears a nasty spike.
                  | [Xom's grace]
  6545 | D:2      | Reached XP level 4. HP: 34/34 MP: 4/4
  6625 | D:2      | XOM is BORED!
  6752 | D:3      | Found the +8 demon blade "Leech" {evervamp, Harm Drain rN+}
  6817 | D:3      | XOM: 1-stop teleportation journey
  6854 | D:3      | XOM: god gift: 19 gold pieces
  6879 | D:3      | Found a glowing golden altar of the Shining One.
  6914 | D:3      | Found a basalt altar of Yredelemnul.
  6918 | D:3      | Reached skill level 1 in Evocations
  6918 | D:3      | Reached XP level 5. HP: 40/40 MP: 5/5
  7300 | D:4      | Reached skill level 1 in Long Blades
  7316 | D:4      | Found Ajyred's General Store.
  7347 | D:4      | Bought a scroll of blinking for 105 gold pieces
  7399 | D:4      | Reached XP level 6. HP: 47/47 MP: 6/6
  7439 | D:4      | Reached skill level 2 in Long Blades
  7477 | D:4      | XOM: silly message
  7502 | D:4      | Reached skill level 5 in Stealth
  7728 | D:4      | XOM: give mutation
  7728 | D:4      | Gained mutation: You are completely covered in iridescent
                  | scales. (AC +6) [Xom's grace]
  7817 | D:5      | Entered Level 5 of the Dungeon
  7987 | D:5      | Noticed Duvessa
  7987 | D:5      | Noticed Dowan
  7993 | D:5      | Killed Duvessa
  7994 | D:5      | Reached skill level 3 in Long Blades
  7994 | D:5      | Reached XP level 7. HP: 48/52 MP: 7/7
  7999 | D:5      | Killed Dowan
  8003 | D:5      | Found a staircase to the Ecumenical Temple.
  8164 | D:5      | Reached skill level 4 in Long Blades
  8166 | D:5      | XOM: silly message
  8430 | D:6      | Reached skill level 1 in Shields
  8444 | D:6      | Reached XP level 8. HP: 57/59 MP: 8/8
  8464 | D:6      | Reached skill level 5 in Long Blades
  8606 | D:6      | XOM: give mutations
  8606 | D:6      | Lost mutation: One of your tentacles bears a nasty spike.
                  | [Xom's mischief]
  8606 | D:6      | Lost mutation: You are occasionally teleported next to
                  | monsters. [Xom's mischief]
  8606 | D:6      | Lost mutation: You are highly strong-willed. (Will++)
                  | [Xom's mischief]
  8606 | D:6      | Lost mutation: You are strong-willed. (Will+) [Xom's
                  | mischief]
  8700 | D:6      | Reached skill level 6 in Long Blades
  8908 | D:6      | XOM: cleaving
  8974 | D:6      | XOM: god gift: 46 gold pieces
  8993 | D:7      | Reached skill level 1 in Shapeshifting
  8993 | D:7      | Reached XP level 9. HP: 62/66 MP: 9/9
  9039 | D:7      | Reached skill level 5 in Fighting
  9112 | D:7      | Reached skill level 7 in Long Blades
  9138 | D:7      | Noticed a manticore
  9144 | D:7      | Killed a manticore
  9226 | D:7      | Found Amuy's Weapon Shop.
  9263 | D:7      | Reached skill level 8 in Long Blades
  9478 | D:7      | XOM: confuse monster(s)
  9552 | D:8      | Found a staircase to the Lair.
  9558 | D:8      | XOM: confusion (+ monsters)
  9560 | D:8      | XOM: summons 7 friendly demons
  9564 | D:8      | Reached XP level 10. HP: 69/74 MP: 10/10
  9567 | D:8      | XOM: blink monster(s)
  9582 | D:8      | Reached skill level 9 in Long Blades
 10159 | D:8      | Reached skill level 5 in Evocations
 10198 | D:8      | Reached skill level 10 in Long Blades
 10860 | D:9      | Reached XP level 11. HP: 79/81 MP: 11/11
 10919 | D:10     | Entered Level 10 of the Dungeon
 10926 | D:10     | XOM: scenery: create altars
 10944 | D:10     | XOM: summons friendly quasit
 10947 | D:10     | Reached skill level 11 in Long Blades
 11147 | D:10     | XOM: god gift: wand of iceblast (4)
 11157 | D:10     | XOM: god gift: atropa-tipped dart
 11235 | D:10     | Noticed Urug
 11244 | D:10     | Killed Urug
 11245 | D:10     | Reached skill level 10 in Stealth
 11263 | D:10     | XOM: cloud trail
 11476 | Lair:1   | Entered Level 1 of the Lair of Beasts
 11479 | Lair:1   | XOM: polymorph yak -> black bear
 11486 | Lair:1   | XOM: enchant monster (good)
 11488 | Lair:1   | XOM: polymorph yak -> shapeshifter
 11489 | Lair:1   | XOM: potion effect (might)
 11531 | Lair:1   | XOM: noise
 11559 | Lair:1   | XOM: give mutations
 11559 | Lair:1   | Lost mutation: One of your tentacles bears a spike. [Xom's
                  | mischief]
 11559 | Lair:1   | Lost mutation: Your spells are a little harder to cast, but
                  | a little more powerful. [Xom's mischief]
 11559 | Lair:1   | Lost mutation: You are robust. (+10% HP) [Xom's mischief]
 11896 | Lair:1   | XOM: cast spell 'Metabolic Englaciation'
 11923 | Lair:1   | Reached skill level 12 in Long Blades
 11928 | Lair:1   | XOM: polymorph yak -> troll
 12030 | Lair:1   | XOM: 1-stop teleportation journey
 12044 | Lair:1   | XOM: confusion (+ monsters)
 12059 | Lair:1   | Reached XP level 12. HP: 82/82 MP: 12/12
 12205 | Lair:1   | XOM: noise
 12579 | Lair:2   | XOM: divination: detect items
 12584 | Lair:2   | Reached skill level 5 in Dodging
 12652 | Lair:2   | Found a hole to the Spider Nest.
 12660 | Lair:2   | XOM: butterfly on damage
 12683 | Lair:2   | Found a staircase to the Shoals.
 12903 | Lair:2   | Noticed an eight-headed hydra
 12906 | Lair:2   | Killed an eight-headed hydra
 12907 | Lair:2   | Reached skill level 13 in Long Blades
 13154 | Lair:2   | XOM: silly message
 13245 | Lair:3   | XOM: 1-stop teleportation journey
 13263 | Lair:3   | XOM: swap monsters
 13270 | Lair:3   | Reached skill level 5 in Shapeshifting
 13282 | Lair:3   | Identified the +5 ring mail of the Original Sin {rCorr MP-9
                  | Str+3 SInv}
 13325 | Lair:3   | XOM: silly message
 13330 | Lair:3   | XOM: blink monster(s)
 13338 | Lair:3   | XOM: swap monsters
 13342 | Lair:3   | XOM: smoke on damage
 13345 | Lair:3   | XOM: confuse monster(s)
 13475 | Lair:3   | Reached XP level 13. HP: 90/90 MP: 13/13
 13525 | Lair:3   | XOM: give mutations
 13525 | Lair:3   | Lost mutation: A frigid envelope surrounds you and freezes
                  | all who hurt you. [Xom's mischief]
 13525 | Lair:3   | Lost mutation: Your muscles are strong. (Str +4, Int/Dex
                  | -1) [Xom's mischief]
 13618 | Lair:3   | XOM: summons 3 hostile shadow creatures
 13778 | Lair:3   | XOM: summons 1 hostile shadow creature
 13784 | Lair:3   | XOM: destruction
 13795 | Lair:3   | XOM: divine lightning
 13804 | Lair:3   | XOM: god gift: book of the Earth
 13810 | Lair:3   | Learned a level 2 spell: Blink
 13836 | Lair:3   | XOM: smoke on damage
 13900 | Lair:3   | XOM: scenery: create altars
 13908 | Lair:3   | Reached skill level 1 in Translocations
 13921 | Lair:3   | XOM: divination: detect items
 14172 | Lair:3   | XOM: give mutations
 14172 | Lair:3   | Gained mutation: You are frail. (-10% HP) [Xom's mischief]
 14172 | Lair:3   | Lost mutation: Your system is resistant to poisons. (rPois)
                  | [Xom's mischief]
 14298 | Lair:4   | XOM: stat loss: -1 Int (13/14)
 14367 | Lair:4   | Identified the +0 robe of the Wumpus {rN+ rCorr Dex+2}
 14374 | Lair:4   | XOM: polymorph elephant -> wolf spider
 14385 | Lair:4   | XOM: confusion (+ monsters)
 14501 | Lair:4   | XOM: polymorph elephant -> dream sheep
 14591 | Lair:4   | Reached skill level 10 in Fighting
 14678 | Lair:4   | XOM: noise
 14704 | Lair:4   | XOM: cleaving
 14709 | Lair:4   | XOM: butterfly on damage
 14718 | Lair:4   | XOM: polymorph butterfly -> giant cockroach
 14749 | Lair:4   | XOM: fog
 14793 | Lair:4   | XOM: fog
 14819 | Lair:4   | Found a staircase to the Slime Pits.
 15122 | Lair:4   | XOM: summons 2 friendly demons
 15123 | Lair:4   | XOM: enchant monster (good)
 15135 | Lair:4   | Reached skill level 5 in Shields
 15139 | Lair:4   | XOM: smoke on damage
 15142 | Lair:4   | Reached XP level 14. HP: 88/90 MP: 14/14
 15142 | Lair:4   | XOM: enchant monster (good)
 15163 | Lair:4   | XOM: draining
 15167 | Lair:4   | XOM: polymorph elephant -> sea snake
 15168 | Lair:4   | XOM: torment (45/86 hp)
 15190 | Lair:4   | XOM: enchant monster (bad)
 15192 | Lair:4   | XOM: polymorph elephant -> yaktaur
 15225 | Lair:4   | Noticed a dire elephant
 15243 | Lair:4   | XOM: butterfly on damage
 15245 | Lair:4   | XOM: divination: detect items
 15247 | Lair:4   | Slain by a dire elephant

Illustrated notes

Levels and vault maps discovered:
D:1:      grunt_arrival_crossed_arrows, layout_basic, serial_park_tiny_1
D:2:      layout_basic, minmay_cut_off
D:3:      layout_loops_ring, tso_metal_star, yredelemnul_altar_generic,
          minmay_fractal_squares_gapless_5
D:4:      layout_cave_pools, serial_shops, nicolae_shop_tiny_statue_garden,
          serial_demonic, serial_demonic_a, serial_demonic_c, serial_demonic_g,
          serial_demonic_f, serial_demonic_e, kennysheep_generic_room_16
D:5:      layout_loops_ring, minmay_temple_entry_arrows, chequers_avenue,
          uniq_duvessa
D:6:      black_bear_nest_1, layout_rooms
D:7:      layout_rooms, serial_shops, shop, eino_jars
D:8:      cheibrodos_barr_body, layout_loops_ring, erik_lair_orcish_takeover
D:9:      layout_roguey
D:10:     layout_long_grid, uniq_urug
Lair:1:   layout_cave_pods
Lair:2:   layout_regular_city, shoals_dummy_entry, spider_nest_entry_a,
          infiniplex_staircase_pool_2
Lair:3:   layout_cave_pods, special_room [special_room_mythical_zoo]
Lair:4:   mu_elephants_graveyard, layout_loops_ring, minmay_slime_entry_pillars

Skill      XL: |  1  2  3  4  5  6  7  8  9 10 11 12 13 14 |
---------------+-------------------------------------------+-----
Stealth        | 2 4 5 7 8 9 10 11 12 | 12.3
Evocations     | 1 2 3 4 5 6 7 8 9 |  9.0
Long Blades    | 1 3 4 6 8 10 12 13 | 13.7
Fighting       | 4 5 6 7 9 11 | 11.4
Dodging        | 3 4 5 6 |  6.6
Shields        | 1 2 3 5 |  5.2
Shapeshifting  | 1 2 3 4 5 6 |  6.3
Translocations | 3 |  3.6
Short Blades   | |  3.9

Action                     |  1- 3 |  4- 6 |  7- 9 | 10-12 | 13-15 || total
---------------------------+-------+-------+-------+-------+-------++-------
  Melee: Short sword       |    83 |    13 |       |       |       ||    96
         Constrict         |    21 |    18 |    21 |    78 |    12 ||   150
         Tentacles         |    13 |    10 |    24 |    77 |    97 ||   221
         Punch             |     1 |       |       |     2 |     7 ||    10
         Demon blade       |       |    47 |   102 |   361 |   327 ||   837
         Kick              |       |     8 |    28 |    43 |       ||    79
  Evoke: Wand              |       |       |       |     2 |       ||     2
    Use: Scroll            |       |     5 |     2 |     8 |     1 ||    16
         Potion            |       |       |       |       |     1 ||     1
   Stab: Sleeping          |    13 |    15 |    12 |    24 |     7 ||    71
         Distracted        |     1 |       |       |     1 |     2 ||     4
         Confused          |       |       |     2 |     4 |       ||     6
         Petrified         |       |       |       |       |     2 ||     2
 Armour: Skin              |     3 |    18 |    23 |    36 |    36 ||   116
  Dodge: Dodged            |    40 |    24 |    94 |   142 |   145 ||   445
  Block: Other             |     1 |    11 |    20 |     8 |       ||    40
         Buckler           |       |       |       |   107 |   120 ||   227

Table legend: (Time is in decaauts)
 A = Elapsed time spent in this place.
 B = Non-inter-level travel time spent in this place.
 C = Inter-level travel time spent in this place.
 D = Time resting spent in this place.
 E = Time spent auto-exploring this place.
 F = Levels seen in this place.
 G = Mean time per level.
                   A        B        C        D        E       F      G
               +--------+--------+--------+--------+--------+-----+--------+
         Total |  15028 |  14645 |    383 |   5141 |   7468 |  14 | 1073.4 |
       Dungeon |  11435 |  11185 |    250 |   5141 |   4917 |  10 | 1143.5 |
          Lair |   3592 |   3459 |    133 |      0 |   2551 |   4 |  898.0 |
               +--------+--------+--------+--------+--------+-----+--------+

Top non-repeatable levels by time:
     D:1: 6054 daAuts
  Lair:3: 1009 daAuts
  Lair:1: 954 daAuts
  Lair:4: 900 daAuts
     D:8: 823 daAuts
  Lair:2: 728 daAuts
     D:3: 649 daAuts
     D:9: 623 daAuts
     D:5: 585 daAuts
     D:6: 584 daAuts
     D:2: 563 daAuts
     D:4: 540 daAuts
     D:7: 520 daAuts
    D:10: 491 daAuts
